 Dungeon Crawl Stone Soup version 0.18-a0-1343-g48c8f86 (webtiles) character file.

399 eljoo the Digger (level 7, -3/52 HPs)
             Began as a Formicid Earth Elementalist on Feb 16, 2016.
             Slain by a worker ant (5 damage)
             ... on level 4 of the Dungeon.
             The game lasted 00:30:49 (3642 turns).

eljoo the Digger (Formicid Earth Elementalist)      Turns: 3642, Time: 00:30:49

Health: -3/52      AC:  5    Str: 16    XL:     7   Next: 10%
Magic:  1/13       EV: 12    Int: 15    God:
Gold:   200        SH:  0    Dex: 12    Spells: 3 memorised, 4 levels left

rFire  . . .     SeeInvis +     b - 70 stones
rCold  . . .     Gourm    .     f - +0 robe
rNeg   . . .     Faith    .     (no shield)
rPois  .         Spirit   .     (helmet unavailable)
rElec  .         Dismiss  .     (no cloak)
rCorr  .         Reflect  .     m - +2 pair of gloves
SustAt .         Harm     .     (no boots)
MR     .....                    (no amulet)
Stlth  ++........               (no ring)
                                p - +3 ring of strength

@: lethally poisoned (-3 -> -7), flying, not resistant to hostile enchantments,
unstealthy
A: permanent stasis, dig shafts and tunnels, four strong arms, antennae 3
a: Dig, Shaft Self


You were on level 4 of the Dungeon.
You were hungry.

You visited 1 branch of the dungeon, and saw 4 of its levels.

You collected 200 gold pieces.

Inventory:

Hand Weapons
 a - a +3 spear
 w - a +1 dagger
Missiles
 b - 70 stones (in hand)
Armour
 f - a +0 robe (worn)
 m - a +2 pair of gloves (worn)
 z - a +0 pair of gloves
Jewellery
 p - a +3 ring of strength (left hand)
Scrolls
 h - 6 scrolls of teleportation
 i - 2 scrolls of remove curse
 j - a scroll of enchant weapon
 o - a scroll of random uselessness {unknown}
 r - a scroll of enchant armour {unknown}
 u - a scroll of blinking {unknown}
 v - a scroll of noise {unknown}
 y - a scroll of magic mapping {unknown}
 A - a scroll of fog {unknown}
Potions
 e - a potion of degeneration {unknown}
 g - a potion of flight
 k - a potion of berserk rage {unknown}
 l - 2 potions of curing
 q - a potion of cancellation {unknown}
 B - a potion of lignification {unknown}
Books
 c - a book of Geomancy

   Spells                             Type                      Level
   a - Sandblast                      Earth                        1
   b - Passwall                       Transmutation/Earth          2
   c - Stone Arrow                    Conjuration/Earth            3
   d - Petrify                        Transmutation/Earth          4
   e - Lee's Rapid Deconstruction     Earth                        5
Comestibles
 d - 4 bread rations
 n - 4 meat rations
 t - a beef jerky
 x - 7 chunks of flesh


   Skills:
 * Level 3.2 Fighting
 - Level 1.1 Short Blades
 + Level 1.3 Polearms
 - Level 1.7 Dodging
 - Level 4.1 Stealth
 * Level 4.1 Spellcasting
 - Level 1.1 Transmutations
 + Level 5.3 Earth Magic


You had 4 spell levels left.
You knew the following spells:

 Your Spells              Type           Power        Failure   Level  Hunger
a - Sandblast             Erth           ###...       1%          1    None
b - Petrify               Trmt/Erth      ##......     54%         4    ####...
c - Lee's Rapid Deconstr  Erth           ###.......   67%         5    ######.


Dungeon Overview and Level Annotations

Branches:
Dungeon (4/15)
 Temple: D:4-7

Altars:
Ashenzari
Makhleb
Sif Muna

Shops:
D:4 }


Innate Abilities, Weirdness & Mutations

You are under a permanent stasis effect.
You can dig through walls and to a lower floor.
Your four strong arms can wield two-handed weapons with a shield.
You have a pair of large antennae on your head (SInv).


Message History

It was a potion of curing.
You feel better. The worker ant bites you.
* * * LOW HITPOINT WARNING * * *
Drink which item? (? for menu, Esc to quit)
It was a potion of flight.
You feel very buoyant.
You fly up into the air.
The worker ant bites you.
* * * LOW HITPOINT WARNING * * *
The worker ant barely misses you. The worker ant bites you.
* * * LOW HITPOINT WARNING * * *
You are poisoned.
The worker ant poisons you!
You feel sick.
You feel sick.
You feel sick. The worker ant bites you.
* * * LOW HITPOINT WARNING * * *
Drink which item? (? for menu, Esc to quit)
It was a potion of haste.
Your stasis keeps you stable.
The worker ant bites you.
You die...

###'######....###.###+##..#
#...##..##....###+##... ###
#........#.............
#........#.............
#........'.............
#....##.####...#######. {
########.####...## {{ .....
#.........# { ....
#...@.....# #.. #..a##...##
##.##..##...##...###
.........).........#
.......)...........#
.$.##..###..###...## . #..
##'# ...# %... .... ....
..... ...... .


You could see a worker ant.

Vanquished Creatures
  An ogre (D:4)
  2 hounds (D:3)
  A gnoll shaman (D:3)
  Ijyb (D:3)
  A worker ant (D:4)
  6 gnolls
  4 adders
  2 oozes
  A worm (D:2)
  2 giant geckos (D:1)
  3 orcs
  5 giant cockroaches
  8 goblins
  10 hobgoblins
  4 jackals (D:3)
  2 quokkas (D:3)
  5 bats
  5 giant newts
  6 kobolds (D:1)
  7 rats
76 creatures vanquished.

Notes
Turn   | Place    | Note
--------------------------------------------------------------
     0 | D:1      | eljoo the Formicid Earth Elementalist began the quest for the Orb.
     0 | D:1      | Reached XP level 1. HP: 13/13 MP: 3/3
   194 | D:1      | Reached XP level 2. HP: 19/19 MP: 0/5
   274 | D:1      | Reached skill level 4 in Earth Magic
   649 | D:1      | Reached XP level 3. HP: 24/24 MP: 4/7
  1386 | D:2      | Reached XP level 4. HP: 30/30 MP: 3/8
  1486 | D:2      | Found a burning altar of Makhleb.
  1486 | D:2      | Noticed an Executioner
  1489 | D:2      | Noticed a neqoxec
  1489 | D:2      | Noticed a ynoxinul
  1538 | D:2      | Found a shattered altar of Ashenzari.
  2241 | D:2      | Found a deep blue altar of Sif Muna.
  2506 | D:3      | Found a faded altar to an unknown god.
  2509 | D:3      | Noticed Ijyb
  2519 | D:3      | Killed Ijyb
  2519 | D:3      | Reached XP level 5. HP: 27/36 MP: 2/9
  2650 | D:3      | Learned a level 4 spell: Petrify
  2656 | D:3      | Learned a level 5 spell: Lee's Rapid Deconstruction
  2683 | D:3      | Reached skill level 1 in Fighting
  2687 | D:3      | Reached skill level 1 in Short Blades
  2971 | D:3      | Reached XP level 6. HP: 38/44 MP: 7/11
  2997 | D:3      | Reached skill level 5 in Earth Magic
  3345 | D:4      | Found Antuenen's Gadget Shoppe.
  3458 | D:3      | Reached skill level 1 in Polearms
  3542 | D:4      | Noticed an ogre
  3549 | D:4      | Killed an ogre
  3549 | D:4      | Reached XP level 7. HP: 44/52 MP: 0/13
  3641 | D:4      | HP: 2/52 [worker ant (6)]
  3642 | D:4      | Slain by a worker ant

Vault maps used:
D:1:      roderic_crop_circles_arrival_small
D:2:      makhleb_altar_promises_db, lemuel_blue_sif_altar,
          nicolae_overflow_crystal_walls, first_bread
D:3:      ecumenical_altar_1, cheibrodos_gnoll_hut, uniq_iyjb
D:4:      serial_shops, shop_statue, uniq_duvessa, uniq_sigmund

Action                   |  1- 3 |  4- 6 |  7- 9 || total
-------------------------+-------+-------+-------++-------
Melee: Dagger            |     3 |    57 |       ||    60
       Spear             |       |     7 |     5 ||    12
 Cast: Sandblast         |    59 |    84 |    11 ||   154
       Petrify           |       |     1 |       ||     1
  Use: Scroll            |     2 |     1 |       ||     3
       Potion            |       |       |     3 ||     3
 Stab: Sleeping          |       |     4 |       ||     4
  Eat: Chunk             |     2 |     7 |       ||     9
